PUB
HOLLYWOOD STARS @ MONTREAL ROYALS
06/28/1972
 
TOP OF THE 1ST
Hollywood Stars batting - Pitching for Montreal Royals : LHP Yoriie Kichida
Pitching: LHP Yoriie Kichida
Batting: SHB Tetsuhiko Harada 0-0: Swinging Strike
0-1: Foul Ball, location: 5FF
0-2: Strikes out swinging
Batting: RHB Anthony Townsend 0-0: Ball
1-0: Ball
2-0: Swinging Strike
2-1: Foul Ball, location: 7LSFF
2-2: Ball
3-2: Base on Balls
Batting: RHB Brian Fowler Pickoff Play to 1st, Runner tries for 2nd, OUT after rundown.
0-0: Called Strike
0-1: Ball
1-1: Foul Ball, location: 9LMF
1-2: Foul Ball, location: 9LDF
1-2: Ball
2-2: Ball
3-2: Foul Ball, location: 2F
3-2: Foul Ball, location: 3DF
3-2: Foul Ball, location: 2F
3-2: Fly out, F3 (Popup, 3SF, EV 81.3 MPH)
Top of the 1st over - 0 runs, 0 hits, 0 errors, 0 left on base; Hollywood 0 - Montreal 0
BOTTOM OF THE 1ST
Montreal Royals batting - Pitching for Hollywood Stars : RHP Art Mahaffey
Pitching: RHP Art Mahaffey
Batting: RHB Luis López 0-0: Ball
1-0: Ground out 1-3 (Groundball, 15S, EV 70.0 MPH)
Batting: LHB Javier García 0-0: Called Strike
0-1: Foul Ball, location: 2F
0-2: Ball
1-2: Foul Ball, location: 2F
1-2: Ground out 2-3 (Groundball, 2L, EV 68.1 MPH)
Batting: RHB Juan Méndez 0-0: Called Strike
0-1: Ground out 5-3 (Groundball, 56S, EV 70.0 MPH)
Bottom of the 1st over - 0 runs, 0 hits, 0 errors, 0 left on base; Hollywood 0 - Montreal 0
TOP OF THE 2ND
Hollywood Stars batting - Pitching for Montreal Royals : LHP Yoriie Kichida
Batting: LHB Bob James 0-0: Foul Ball, location: 3FF
0-1: Swinging Strike
0-2: Ball
1-2: Foul Ball, location: 2F
1-2: Ball
2-2: Ball
3-2: Strikes out looking
Batting: LHB Jimmie Hall 0-0: Called Strike
0-1: Ball
1-1: Fly out, F8 (Flyball, 8LD, EV 102.5 MPH)
Batting: RHB Arturo Gonzáles 0-0: Ball
1-0: Swinging Strike
1-1: Ball
2-1: SINGLE (Groundball, 34D, EV 102.5 MPH)
Batting: LHB Tim McCarver 0-0: Ground out U3 (Groundball, 3, EV 105.0 MPH)
Top of the 2nd over - 0 runs, 1 hit, 0 errors, 1 left on base; Hollywood 0 - Montreal 0
BOTTOM OF THE 2ND
Montreal Royals batting - Pitching for Hollywood Stars : RHP Art Mahaffey
Batting: LHB Nick Nix 0-0: Ball
1-0: SINGLE (Groundball, 34D, EV 103.1 MPH)
Batting: LHB Jake Cameron 0-0: Ball
1-0: 2-RUN HOME RUN (Flyball, 9D, EV 100.6 MPH), Distance : 375 ft
Batting: RHB Cleon Jones 0-0: Ball
1-0: Foul Ball, location: 23F
1-1: Ground out 6-3 (Groundball, 4MD, EV 103.1 MPH)
Batting: RHB Paul Schaal 0-0: Swinging Strike
0-1: Ball
1-1: Fly out, F2 (Popup, 15S, EV 85.6 MPH)
Batting: RHB Steve Robinson 0-0: Swinging Strike
0-1: Ball
1-1: Ball
2-1: Foul Ball, location: 2F
2-2: Foul Ball, location: 9LMF
2-2: Foul Ball, location: 2F
2-2: Foul Ball, location: 3F
2-2: Ball
3-2: SINGLE (Flyball, 6MD, EV 92.5 MPH)
Batting: LHB Yoriie Kichida 0-0: Swinging Strike
0-1: Fly out, F8 (Flyball, 8RD, EV 95.0 MPH)
Bottom of the 2nd over - 2 runs, 3 hits, 0 errors, 1 left on base; Hollywood 0 - Montreal 2
TOP OF THE 3RD
Hollywood Stars batting - Pitching for Montreal Royals : LHP Yoriie Kichida
Batting: LHB Eugene Williams 0-0: Foul Ball, location: 3FF
0-1: Ball
1-1: Ball
2-1: Called Strike
2-2: Ball
3-2: Fly out, F7 (Flyball, 7LS, EV 81.9 MPH)
Batting: RHB Art Mahaffey 0-0: Called Strike
0-1: Ball
1-1: Foul Ball, location: 3F
1-2: Ball
2-2: SINGLE (Line Drive, 89M, EV 90.6 MPH)
Batting: SHB Tetsuhiko Harada 0-0: Ball
1-0: Swinging Strike
1-1: Ball
2-1: Ball
3-1: Base on Balls
Art Mahaffey to second
Batting: RHB Anthony Townsend 0-0: Ball
1-0: Fielders Choice at 2nd, 5-4 (Groundball, 56, EV 87.5 MPH)
Art Mahaffey to third
Batting: RHB Brian Fowler 0-0: Foul Ball, location: 9LMF
0-1: Ball
1-1: Ball
2-1: Ball
3-1: Ground out 2-3 (Groundball, 15S, EV 73.8 MPH)
Top of the 3rd over - 0 runs, 1 hit, 0 errors, 2 left on base; Hollywood 0 - Montreal 2
BOTTOM OF THE 3RD
Montreal Royals batting - Pitching for Hollywood Stars : RHP Art Mahaffey
Batting: RHB Luis López 0-0: Ball
1-0: Called Strike
1-1: SINGLE (Line Drive, 6MD, EV 110.6 MPH)
Batting: LHB Javier García 0-0: Ball
1-0: Called Strike
Luis López steals 2nd base
1-1: Ball
2-1: Bunt - Flyout to 3S! F3
Batting: RHB Juan Méndez 0-0: Ground out 3-1 (Groundball, 34, EV 83.8 MPH)
Luis López to third
Batting: LHB Nick Nix 0-0: Called Strike
0-1: Ball
1-1: 2-RUN HOME RUN (Flyball, 9D, EV 92.5 MPH), Distance : 366 ft
Batting: LHB Jake Cameron 0-0: Called Strike
0-1: Ball
1-1: Ball
2-1: Ball
3-1: Foul Ball, location: 23FF
3-2: SINGLE (Line Drive, 3D, EV 101.9 MPH)
Batting: RHB Cleon Jones 0-0: Ball
Jake Cameron steals 2nd base (no throw)
1-0: Ball
2-0: Ball
3-0: Called Strike
3-1: Fly out, F6 (Line Drive, 6, EV 65.0 MPH)
Bottom of the 3rd over - 2 runs, 3 hits, 0 errors, 1 left on base; Hollywood 0 - Montreal 4
TOP OF THE 4TH
Hollywood Stars batting - Pitching for Montreal Royals : LHP Yoriie Kichida
Batting: LHB Bob James 0-0: Ball
1-0: Ground out 4-3 (Groundball, 4, EV 100.6 MPH)
Batting: LHB Jimmie Hall 0-0: Ball
1-0: Ball
2-0: Called Strike
2-1: Ball
3-1: Foul Ball, location: 3DF
3-2: Strikes out swinging
Batting: RHB Arturo Gonzáles 0-0: Ball
1-0: Called Strike
1-1: Ball
2-1: Ball
3-1: Ground out 5-3 (Groundball, 5S, EV 88.8 MPH)
Top of the 4th over - 0 runs, 0 hits, 0 errors, 0 left on base; Hollywood 0 - Montreal 4
BOTTOM OF THE 4TH
Montreal Royals batting - Pitching for Hollywood Stars : RHP Art Mahaffey
Batting: RHB Paul Schaal 0-0: Foul Ball, location: 2F
0-1: Called Strike
0-2: Strikes out swinging
Batting: RHB Steve Robinson 0-0: Called Strike
0-1: Ball
1-1: Foul Ball, location: 7LSF
1-2: Ground out 1-3 (Groundball, P, EV 72.5 MPH)
Batting: LHB Yoriie Kichida 0-0: Ground out 1-3 (Groundball, 15, EV 74.4 MPH)
Bottom of the 4th over - 0 runs, 0 hits, 0 errors, 0 left on base; Hollywood 0 - Montreal 4
TOP OF THE 5TH
Hollywood Stars batting - Pitching for Montreal Royals : LHP Yoriie Kichida
Batting: LHB Tim McCarver 0-0: Fly out, F7 (Flyball, 7S, EV 85.0 MPH)
Batting: LHB Eugene Williams 0-0: Ball
1-0: Called Strike
1-1: Foul Ball, location: 5FF
1-2: Ball
2-2: Strikes out swinging
Batting: RHB Art Mahaffey 0-0: Ball
1-0: Swinging Strike
1-1: Ball
2-1: Ball
3-1: Foul Ball, location: 9LSF
3-2: Strikes out swinging
Top of the 5th over - 0 runs, 0 hits, 0 errors, 0 left on base; Hollywood 0 - Montreal 4
BOTTOM OF THE 5TH
Montreal Royals batting - Pitching for Hollywood Stars : RHP Art Mahaffey
Batting: RHB Luis López 0-0: Swinging Strike
0-1: Called Strike
0-2: SINGLE (Flyball, 78S, EV 93.8 MPH)
Batting: LHB Javier García 0-0: Called Strike
0-1: Swinging Strike
0-2: Ball
1-2: Fielders Choice at 2nd, 4-6 (Groundball, 4, EV 78.8 MPH)
Batting: RHB Juan Méndez 0-0: Foul Ball, location: 9LSF
0-1: Ball
1-1: Ball
2-1: Foul Ball, location: 3FF
2-2: Strikes out swinging
Batting: LHB Nick Nix 0-0: Ball
1-0: Foul Ball, location: 3FF
1-1: Fly out, F7 (Flyball, 7, EV 78.8 MPH)
Bottom of the 5th over - 0 runs, 1 hit, 0 errors, 1 left on base; Hollywood 0 - Montreal 4
TOP OF THE 6TH
Hollywood Stars batting - Pitching for Montreal Royals : LHP Yoriie Kichida
Batting: SHB Tetsuhiko Harada 0-0: Ball
1-0: Ball
2-0: Foul Ball, location: 23F
2-1: Foul Ball, location: 2F
2-2: Foul Ball, location: 3SF
2-2: Ground out 5-3 (Groundball, 5L, EV 92.5 MPH)
Batting: RHB Anthony Townsend 0-0: Swinging Strike
0-1: Fly out, F4 (Popup, 34, EV 80.6 MPH)
Batting: RHB Brian Fowler 0-0: Called Strike
0-1: Foul Ball, location: 5F
0-2: Foul Ball, location: 25F
0-2: Ball
1-2: Ball
2-2: Ball
3-2: Fly out, F9 (Line Drive, 89M, EV 96.9 MPH)
Top of the 6th over - 0 runs, 0 hits, 0 errors, 0 left on base; Hollywood 0 - Montreal 4
BOTTOM OF THE 6TH
Montreal Royals batting - Pitching for Hollywood Stars : RHP Art Mahaffey
Batting: LHB Jake Cameron 0-0: Ball
1-0: Ground out 4-3 (Groundball, 4, EV 89.4 MPH)
Batting: RHB Cleon Jones 0-0: SINGLE (Groundball, 6MD, EV 97.5 MPH)
Batting: RHB Paul Schaal 0-0: Ball
1-0: Ball
2-0: Ball
3-0: Base on Balls
Cleon Jones to second
Batting: RHB Steve Robinson 0-0: Swinging Strike
0-1: Fly out, F7 (Flyball, 7S, EV 78.8 MPH)
Batting: LHB Yoriie Kichida 0-0: Ball
1-0: Ball
2-0: Called Strike
2-1: Called Strike
2-2: Strikes out swinging
Bottom of the 6th over - 0 runs, 1 hit, 0 errors, 2 left on base; Hollywood 0 - Montreal 4
TOP OF THE 7TH
Hollywood Stars batting - Pitching for Montreal Royals : LHP Yoriie Kichida
Batting: LHB Bob James 0-0: Ball
1-0: Fly out, F8 (Flyball, 8RD, EV 90.0 MPH)
Batting: LHB Jimmie Hall 0-0: Ball
1-0: Called Strike
1-1: Ball
2-1: Foul Ball, location: 9LDF
2-2: Ball
3-2: Strikes out swinging
Batting: RHB Arturo Gonzáles 0-0: Ball
1-0: Foul Ball, location: 2F
1-1: Called Strike
1-2: Foul Ball, location: 9LSF
1-2: Ball
2-2: Foul Ball, location: 2F
2-2: Foul Ball, location: 23F
2-2: Strikes out swinging
Top of the 7th over - 0 runs, 0 hits, 0 errors, 0 left on base; Hollywood 0 - Montreal 4
BOTTOM OF THE 7TH
Montreal Royals batting - Pitching for Hollywood Stars : RHP Art Mahaffey
Batting: RHB Luis López 0-0: Ball
1-0: Fly out, F3 (Popup, 23F, EV 85.0 MPH)
Batting: LHB Javier García 0-0: Called Strike
0-1: Ground out U3 (Groundball, 23, EV 87.5 MPH)
Batting: RHB Juan Méndez 0-0: Ground out 4-3 (Groundball, 4, EV 91.9 MPH)
Bottom of the 7th over - 0 runs, 0 hits, 0 errors, 0 left on base; Hollywood 0 - Montreal 4
TOP OF THE 8TH
Hollywood Stars batting - Pitching for Montreal Royals : LHP Yoriie Kichida
Batting: LHB Tim McCarver 0-0: Called Strike
0-1: Ball
1-1: Ball
2-1: Ball
3-1: Swinging Strike
3-2: Base on Balls
Batting: LHB Eugene Williams 0-0: Ball
1-0: Ball
2-0: Called Strike
2-1: Ball
3-1: Base on Balls
Tim McCarver to second
Pinch Hitting: SHB Bob Hicks 0-0: Ball
1-0: Foul Ball, location: 5F
1-1: Ball
2-1: Called Strike
2-2: Ball
3-2: Fly out, F9 (Flyball, 9LSF, EV 96.9 MPH)
Pitching: RHP Steve Long
Batting: SHB Tetsuhiko Harada 0-0: Ball
1-0: Foul Ball, location: 2F
1-1: Swinging Strike
1-2: Fielders Choice at 2nd, 6-4 (Groundball, 6S, EV 78.8 MPH)
Tim McCarver to third
Pinch Hitting: LHB Ken Steele 0-0: Ball
1-0: Ball
2-0: Ball
3-0: Swinging Strike
3-1: Swinging Strike
3-2: Foul Ball, location: 3F
3-2: Foul Ball, location: 2F
3-2: Strikes out swinging
Top of the 8th over - 0 runs, 0 hits, 0 errors, 2 left on base; Hollywood 0 - Montreal 4
BOTTOM OF THE 8TH
Montreal Royals batting - Pitching for Hollywood Stars : RHP Art Mahaffey
Pitching: LHP Mark Wood
Now in CF: Jimmie Hall
Now in RF: Ken Steele
Batting: LHB Nick Nix 0-0: Foul Ball, location: 5SF
0-1: Swinging Strike
0-2: SINGLE (Flyball, 78S, EV 90.6 MPH)
Batting: LHB Jake Cameron 0-0: Foul Ball, location: 9LSF
0-1: Foul Ball, location: 5FF
0-2: Strikes out swinging
Batting: RHB Cleon Jones 0-0: Grounds into double play, 6-4-3 (Groundball, 6, EV 99.4 MPH)
Bottom of the 8th over - 0 runs, 1 hit, 0 errors, 0 left on base; Hollywood 0 - Montreal 4
TOP OF THE 9TH
Hollywood Stars batting - Pitching for Montreal Royals : RHP Steve Long
Batting: RHB Brian Fowler 0-0: Ball
1-0: Called Strike
1-1: Called Strike
1-2: SINGLE (Line Drive, 7S, EV 103.8 MPH)
Batting: LHB Bob James 0-0: Ball
1-0: Foul Ball, location: 2F
1-1: Foul Ball, location: 7LMF
1-2: Strikes out swinging
Batting: LHB Jimmie Hall 0-0: Foul Ball, location: 2F
0-1: Ball
1-1: Ball
2-1: Swinging Strike
2-2: Strikes out swinging
Pinch Hitting: LHB John O'Rourke 0-0: Called Strike
0-1: Fly out, F7 (Flyball, 7LD, EV 108.1 MPH)
Top of the 9th over - 0 runs, 1 hit, 0 errors, 1 left on base; Hollywood 0 - Montreal 4
Wednesday, April 3rd , 2024 - OOTP Baseball 24.8 Build 75